 Dungeon Sprint DCSS version 0.29-a0-88-g03a7b78be7 (webtiles) character file.

Game seed: 3558888852931193348

393 123456 the Fighter (level 6, 0/67 HPs)
             Began as a Minotaur Fighter on Jan 20, 2022.
             Was a Follower of Okawaru.
             Slain by a two-headed ogre (19 damage)
             ... in the Dungeon (Sprint IX: "|||||||||||||||||||||||||||||") on Feb 5, 2022.
             The game lasted 00:00:53 (327 turns).

123456 the Fighter (Minotaur Fighter)                Turns: 327, Time: 00:00:54

Health: 0/67       AC: 17    Str: 21    XL:     6   Next: 51%
Magic:  5/5        EV: 16    Int:  5    God:    Okawaru [*.....]
Gold:   0          SH:  4    Dex: 11    Spells: 5/5 levels left

rFire   . . .      SeeInvis .   n - +2 morningstar (protect)
rCold   . . .      Faith    .   c - +0 buckler
rNeg    . . .      Spirit   .   p - +2 ring mail
rPois   .          Reflect  .   (helmet restricted)
rElec   .          Harm     .   (no cloak)
rCorr   .          Rampage  .   (no gloves)
Will    .....      NoTele   +   o - +0 pair of boots
Stlth   +.........              (no amulet)
HPRegen 0.21/turn               q - +2 ring of evasion
MPRegen 0.09/turn               r - +2 ring of evasion

@: under a protective aura
A: horns 2, retaliatory headbutt
a: Renounce Religion, Heroism


You were in the Dungeon.
You worshipped Okawaru.
Okawaru was aware of your devotion.
You visited 1 branch

Inventory:

Hand Weapons
 a - a +0 flail
 n - a +2 morningstar of protection (weapon)
Armour
 b - a +0 scale mail
 c - a +0 buckler (worn)
 o - a +0 pair of boots (worn)
 p - a +2 ring mail (worn)
Jewellery
 q - a +2 ring of evasion (left hand)
 r - a +2 ring of evasion (right hand)
Wands
 m - a wand of iceblast (9)
Scrolls
 j - 2 scrolls of blinking
 l - 2 scrolls of amnesia
Potions
 d - a potion of might
 e - 5 potions of curing
 f - 3 potions of heal wounds
 g - a potion of haste
 h - 4 potions of magic
 i - a potion of berserk rage
 k - a potion of invisibility


   Skills:
 * Level 10.4 Fighting
 * Level 10.0 Maces & Flails
 + Level 7.8 Armour
 + Level 6.1 Dodging
 - Level 3.6 Shields


You had 5 spell levels left.
You didn't know any spells.
Your spell library was empty.

Dungeon Overview and Level Annotations

Branches:
Dungeon (1/1)

Altars:
Cheibriados
Dithmenos
Elyvilon
Fedhas
Gozag
Hepliaklqana
Kikubaaqudgha
Makhleb
Nemelex Xobeh
Okawaru
Qazlal
Ru
Sif Muna
Trog
Uskayaw
Vehumet
Wu Jian
Xom
Yredelemnul
Zin
The Shining One
Beogh
Jiyva
Lugonu


Innate Abilities, Weirdness & Mutations

You have a pair of horns on your head.
You reflexively headbutt those who attack you in melee.


Message History

The kobold brigand barely misses you.
Your Maces & Flails skill increases to level 9!
Your Armour skill increases to level 7!
You have reached level 6!
You barely miss the kobold brigand.
Your headbutt misses the kobold brigand.
You block the kobold brigand's attack.
You thump the kobold brigand! You headbutt the kobold brigand!
You kill the kobold brigand!
Okawaru accepts your kill.
Your Fighting skill increases to level 10!
Your Maces & Flails skill increases to level 10!
Your Dodging skill increases to level 6!
You puncture the two-headed ogre!
The two-headed ogre is lightly wounded.
The two-headed ogre hits you with a +0 giant club!
* * * LOW HITPOINT WARNING * * *
The two-headed ogre hits you with a +0 giant spiked club.
* * * LOW HITPOINT WARNING * * *
You bludgeon the two-headed ogre!!
The two-headed ogre is heavily wounded.
You barely miss the two-headed ogre.
Your headbutt misses the two-headed ogre.
The two-headed ogre is heavily wounded.
The two-headed ogre closely misses you. The two-headed ogre barely misses you.
You closely miss the two-headed ogre.
The two-headed ogre is heavily wounded.
The two-headed ogre barely misses you. You furiously retaliate!
You headbutt the two-headed ogre! The two-headed ogre barely misses you.
You hit the two-headed ogre.
The two-headed ogre is severely wounded.
The two-headed ogre completely misses you.
You furiously retaliate!
You headbutt the two-headed ogre, but do no damage.
The two-headed ogre misses you.
You puncture the two-headed ogre!
Your headbutt misses the two-headed ogre.
The two-headed ogre is almost dead.
The two-headed ogre hits you with a +0 giant club!!
You die... ▓▓▓▓▓▓▓▓▓▓▓▓▓▓▓▓▓▓▓▓▓▓▓▓ _______'..).[..[@Oz..... ▓▓▓▓▓▓▓▓▓▓▓▓▓▓▓▓▓▓▓▓▓▓▓▓

You could see a two-headed ogre and a wight.

Vanquished Creatures
  An acid dragon (D)
  An orc warrior (D)
  A centaur (D)
  A kobold brigand (D)
  An iguana (D)
  An adder (D)
  A dart slug (D)
  2 orcs (D)
  2 endoplasms (D)
  A quokka (D)
  A ball python skeleton (D)
  A bat (D)
14 creatures vanquished.

Notes
Turn   | Place    | Note
-------+----------+-------------------------------------------
     0 | D        | 123456 the Minotaur Fighter began the quest for the Orb.
     0 | D        | Reached XP level 1. HP: 19/19 MP: 0/0
     4 | D        | Upgraded the game from 0.28-a0-1594-ga885d4b3d6 to
                  | 0.29-a0-88-g03a7b78be7
    11 | D        | Reached skill level 1 in Dodging
    81 | D        | Noticed an iguana
    84 | D        | Reached XP level 2. HP: 28/28 MP: 1/1
    87 | D        | Reached skill level 5 in Fighting
    87 | D        | Reached skill level 5 in Maces & Flails
    87 | D        | Reached XP level 3. HP: 37/37 MP: 2/2
    96 | D        | Reached skill level 5 in Armour
   224 | D        | Found a snail-covered altar of Cheibriados.
   224 | D        | Found a shadowy altar of Dithmenos.
   224 | D        | Found a white marble altar of Elyvilon.
   224 | D        | Found a blossoming altar of Fedhas.
   224 | D        | Found an opulent altar of Gozag.
   225 | D        | Found a hazy altar of Hepliaklqana.
   226 | D        | Found a viscous altar of Jiyva.
   227 | D        | Found an ancient bone altar of Kikubaaqudgha.
   228 | D        | Found a corrupted altar of Lugonu.
   229 | D        | Found a burning altar of Makhleb.
   230 | D        | Found a sparkling altar of Nemelex Xobeh.
   231 | D        | Found an iron altar of Okawaru.
   232 | D        | Found a stormy altar of Qazlal.
   233 | D        | Found a sacrificial altar of Ru.
   234 | D        | Found a shimmering blue altar of Sif Muna.
   235 | D        | Found a bloodstained altar of Trog.
   236 | D        | Found a hide-covered altar of Uskayaw.
   237 | D        | Found a radiant altar of Vehumet.
   238 | D        | Found an ornate altar of the Wu Jian Council.
   241 | D        | Found a shimmering altar of Xom.
   243 | D        | Became a worshipper of Warmaster Okawaru
   247 | D        | Found a basalt altar of Yredelemnul.
   248 | D        | Found a glowing silver altar of Zin.
   249 | D        | Found a glowing golden altar of the Shining One.
   298 | D        | Noticed an acid dragon
   298 | D        | Noticed an orc warrior
   298 | D        | Noticed a centaur
   298 | D        | Noticed a kobold brigand
   298 | D        | Noticed a two-headed ogre
   310 | D        | Killed an acid dragon
   311 | D        | Reached XP level 4. HP: 20/48 MP: 3/3
   311 | D        | Reached XP level 5. HP: 22/53 MP: 4/4
   314 | D        | Killed an orc warrior
   314 | D        | Reached * piety under Okawaru
   315 | D        | Reached skill level 5 in Dodging
   319 | D        | Killed a centaur
   320 | D        | Reached XP level 6. HP: 28/66 MP: 5/5
   322 | D        | Reached skill level 10 in Fighting
   322 | D        | Reached skill level 10 in Maces & Flails
   327 | D        | Slain by a two-headed ogre

Illustrated notes

Levels and vault maps discovered:
D:        linesprint [early_d, line_temple, items_1, d_10, items_2, lair_1,
          lair_end, items_3, orc_1, orc_end, items_4, d_15, swamp_1, shoals_1,
          snake_1, spider_1, d_20, vaults_1, items_5, swamp_end, shoals_end,
          snake_end, spider_end, vaults_end, d_27, items_6, zot_1, zot_end,
          crypt_end, forest_end, elf_end, slime_end, tomb_end, abyss_end,
          pan_hell_end]

Skill      XL: |  1  2  3  4  5  6 |
---------------+-------------------+-----
Fighting       | 4 5 8 9 10 | 10.4
Maces & Flails | 3 5 7 9 10 | 10.0
Armour         | 4 6 7 |  7.8
Dodging        | 1 2 4 5 6 |  6.1
Shields        | |  3.6

Action                   |  1- 3 |  4- 6 || total
-------------------------+-------+-------++-------
Melee: Flail             |    25 |       ||    25
       Headbutt          |    12 |     2 ||    14
       Morningstar       |    10 |    14 ||    24
Evoke: Wand              |       |     1 ||     1
Armor: Scale mail        |     9 |       ||     9
       Ring mail         |     8 |     3 ||    11
Dodge: Dodged            |    19 |    16 ||    35
Block: Buckler           |    11 |     6 ||    17

Table legend: (Time is in decaauts)
 A = Elapsed time spent in this place.
 B = Non-inter-level travel time spent in this place.
 C = Inter-level travel time spent in this place.
 D = Time resting spent in this place.
 E = Time spent auto-exploring this place.
 F = Levels seen in this place.
 G = Mean time per level.
                   A        B        C        D        E       F      G
               +--------+--------+--------+--------+--------+-----+--------+
         Total |    336 |    336 |      0 |      0 |    195 |   1 |  336.0 |
       Dungeon |    336 |    336 |      0 |      0 |    195 |   1 |  336.0 |
               +--------+--------+--------+--------+--------+-----+--------+

Top non-repeatable levels by time:
       D: 336 daAuts
